 Dungeon Crawl Stone Soup version 0.17-a0-896-g249456b (webtiles) character file.

3098 Lokkij the Dealer of Despair (level 9, 0/45 HPs)
             Began as a Tengu Venom Mage on May 1, 2015.
             Was an Elder of Kikubaaqudgha.
             Slain by an insubstantial wisp (6 damage)
             ... on level 7 of the Dungeon.
             The game lasted 00:48:38 (11566 turns).

Lokkij the Dealer of Despair (Tengu Venom Mage)    Turns: 11566, Time: 00:48:39

Health: 0/45       AC:  6    Str:  9    XL:     9   Next: 90%
Magic:  3/19       EV: 12    Int: 18    God:    Kikubaaqudgha [****..]
Gold:   303        SH:  0    Dex: 15    Spells: 5 memorised, 6 levels left

rFire  . . .     SeeInvis .     v - +4 spear
rCold  + . .     Clarity  .     q - +2 leather armour of Yhecwip {rElec rC+}
rNeg   . . .     SustAb   .     (no shield)
rPois  .         Gourm    .     (helmet restricted)
rElec  +         Spirit   .     (no cloak)
rCorr  .         Warding  .     p - +0 pair of gloves
rMut   .         Stasis   .     (boots unavailable)
MR     .....                    (no amulet)
Stlth  ++........               (no ring)
                                (no ring)

@: not resistant to hostile enchantments, unstealthy
A: beak, talons 3, able to fly 1
a: Fly, Receive Corpses, Renounce Religion


You were on level 7 of the Dungeon.
You worshipped Kikubaaqudgha.
Kikubaaqudgha was greatly pleased with you.
You were not hungry.

You visited 2 branches of the dungeon, and saw 8 of its levels.

You collected 303 gold pieces.

Inventory:

Hand weapons
 u - the +6 hand axe of Maomy {antimagic, rC+ rN++ SInv Stlth-}
   (You found it on level 5 of the Dungeon)

   It disrupts the flow of magical energy around spellcasters and certain
   magical creatures (including the wielder).
   It protects you from cold.
   It greatly protects you from negative energy.
   It enhances your eyesight.
   It makes you less stealthy.
 v - a +4 spear (weapon)
Armour
 a - a +0 robe
 p - a +0 pair of gloves (worn)
 q - the +2 leather armour of Yhecwip (worn) {rElec rC+}
   (You found it on level 5 of the Dungeon)

   It protects you from cold.
   It insulates you from electricity.
Jewellery
 h - an uncursed amulet of guardian spirit
 l - an uncursed ring of teleportation
 o - an uncursed ring of flight
Magical devices
 d - a wand of slowing (48)
 e - a wand of slowing (25)
Scrolls
 g - 5 scrolls of amnesia
 i - 2 scrolls of noise
 m - 2 scrolls of recharging
 n - 3 scrolls of identify
 y - a scroll of remove curse
Books
 b - a Young Poisoner's Handbook

   Spells                             Type                      Level
   a - Sting                          Conjuration/Poison           1
   b - Cure Poison                    Poison                       2
   c - Mephitic Cloud                 Conjuration/Poison/Air       3
   d - Olgreb's Toxic Radiance        Poison                       4
   e - Venom Bolt                     Conjuration/Poison           5
 f - a book of Summonings

   Spells                             Type                      Level
   a - Abjuration                     Summoning                    3
   b - Recall                         Summoning/Translocation      3
   c - Shadow Creatures               Summoning                    5
   d - Summon Demon                   Summoning                    5
   e - Summon Forest                  Summoning/Translocation      5
   f - Monstrous Menagerie            Summoning                    6
 j - Kikubaaqudgha's Guide on Sinister Magic
   (Kikubaaqudgha gifted it to you on level 2 of the Dungeon)

   Spells                             Type                      Level
   a - Pain                           Necromancy                   1
   b - Corpse Rot                     Necromancy                   2
   c - Sublimation of Blood           Necromancy                   2
   d - Regeneration                   Charms/Necromancy            3
   e - Control Undead                 Necromancy                   4
 r - a book of Frost

   Spells                             Type                      Level
   a - Freeze                         Ice                          1
   b - Throw Frost                    Conjuration/Ice              2
   c - Ozocubu's Armour               Charms/Ice                   3
   d - Throw Icicle                   Conjuration/Ice              4
   e - Summon Ice Beast               Ice/Summoning                4
   f - Condensation Shield            Ice                          4
 s - Kikubaaqudgha's Handbook of Darkness
   (Kikubaaqudgha gifted it to you on level 4 of the Dungeon)

   Spells                             Type                      Level
   a - Animate Dead                   Necromancy                   4
   b - Agony                          Necromancy                   5
   c - Cigotuvi's Embrace             Necromancy                   5
   d - Dispel Undead                  Necromancy                   5
   e - Simulacrum                     Ice/Necromancy               6
Comestibles
 c - 3 bread rations
 t - a royal jelly
 w - a meat ration


   Skills:
 - Level 2.1 Dodging
 - Level 2.0 Stealth
 + Level 6.6 Spellcasting
 - Level 7.1 Conjurations
 + Level 8.5 Necromancy
 * Level 5.6 Ice Magic
 - Level 4.0 Poison Magic


You had 6 spell levels left.
You knew the following spells:

 Your Spells              Type           Power        Failure   Level  Hunger
a - Sting                 Conj/Pois      ####         1%          1    None
b - Mephitic Cloud        Conj/Pois/Air  ###.....     12%         3    ##.....
c - Regeneration          Chrm/Necr      ###.......   12%         3    ##.....
d - Animate Dead          Necr           N/A          6%          4    ####...
e - Throw Icicle          Conj/Ice       ####....     12%         4    ####...


Dungeon Overview and Level Annotations

Branches:
Dungeon (7/15)             Temple (1/1) D:5

Altars:
Ashenzari
Cheibriados
Dithmenos
Elyvilon
Fedhas
Gozag
Kikubaaqudgha
Makhleb
Nemelex Xobeh
Okawaru
Qazlal
Ru
Trog
Vehumet
Xom
Yredelemnul
Zin
The Shining One

Shops:
D:6 *

Annotations:
D:3 Terence
D:7 Viceroy's ghost, experienced TrWr


Innate Abilities, Weirdness & Mutations

You have a beak for a mouth.
You have claws for feet.
You can fly.


Message History

The insubstantial wisp hits you!
You aren't carrying any potions.
You completely miss the insubstantial wisp.
Your peck misses the insubstantial wisp.
The insubstantial wisp is heavily damaged.
The insubstantial wisp barely misses you.
The insubstantial wisp hits you.
* * * LOW HITPOINT WARNING * * *
Read which item? (? for menu, Esc to quit)
Okay, then.
Casting: Throw Icicle
Confirm with . or Enter, or press ? or * to list all spells.
Okay, then.
You hit the insubstantial wisp.
The insubstantial wisp is heavily damaged.
The insubstantial wisp hits you.
* * * LOW HITPOINT WARNING * * *
The insubstantial wisp hits you.
You die...
Kikubaaqudgha rasps: "You have failed me!
Welcome... death!"

############# #....v@v....#
#.#########.## #.# ##...##
#####(#######.###.#########
#######..)..v.......# #.........#
..)....v....#######.###>#######.#
#######.##### #.#...#...# *,* #.#
##.###.##.# *,* #.# ##.#.###.#
*,*


You could see 2 insubstantial wisps.

Vanquished Creatures
  The ghost of Lokkij the Destroyer, an experienced TeVM of Vehumet (D:6)
  A hippogriff (D:7)
  A steam dragon (D:7)
  A water moccasin (D:6)
  2 orc warriors (D:6)
  A phantom (D:4)
  A black bear (D:6)
  4 sky beasts
  2 ogres (D:5)
  A centaur (D:5)
  4 killer bees (D:7)
  Dowan (D:7)
  A scorpion (D:5)
  3 vampire bats (D:3)
  3 wights (D:6)
  A crimson imp (D:5)
  2 orc priests (D:3)
  A centaur skeleton (D:5)
  2 hounds
  Jessica (D:2)
  7 orc wizards
  6 worker ants
  7 gnolls
  6 adders
  2 shadow imps
  2 adder zombies (D:7)
  2 worms
  4 giant geckos
  32 orcs
  A ball python (D:2)
  20 bats
  A bat skeleton (D:4)
  10 giant cockroaches
  19 goblins
  20 hobgoblins
  7 jackals
  22 kobolds
  2 quokkas
  A giant cockroach zombie (D:5)
  A giant gecko skeleton (D:4)
  12 giant newts
  A jackal skeleton (D:4)
  13 rats
232 creatures vanquished.

Vanquished Creatures (collateral kills)
  A centaur (D:6)
  A goblin (D:6)
  A hobgoblin (D:6)
3 creatures vanquished.

Vanquished Creatures (others)
  An adder zombie (D:5)
1 creature vanquished.

Grand Total: 236 creatures vanquished

Notes
Turn   | Place    | Note
--------------------------------------------------------------
     0 | D:1      | Lokkij, the Tengu Venom Mage, began the quest for the Orb.
     0 | D:1      | Reached XP level 1. HP: 10/10 MP: 4/4
   130 | D:1      | Found an ancient bone altar of Kikubaaqudgha.
   133 | D:1      | Reached skill level 1 in Conjurations
   138 | D:1      | Became a worshipper of Kikubaaqudgha
   270 | D:1      | Reached XP level 2. HP: 15/15 MP: 3/6
  1374 | D:1      | Reached XP level 3. HP: 19/19 MP: 5/7
  1615 | D:2      | Acquired Kikubaaqudgha's first power
  1615 | D:2      | Received a gift from Kikubaaqudgha
  1616 | D:2      | Identified Kikubaaqudgha's Guide on Sinister Magic (Kikubaaqudgha gifted it to you on level 2 of the Dungeon)
  1723 | D:2      | Learned a level 3 spell: Mephitic Cloud
  1780 | D:2      | Noticed Jessica
  1783 | D:2      | Killed Jessica
  1783 | D:2      | Reached XP level 4. HP: 24/24 MP: 4/9
  2023 | D:2      | Reached skill level 1 in Necromancy
  2350 | D:2      | Gained mutation: You can fly. [Tengu growth]
  2350 | D:2      | Reached XP level 5. HP: 22/28 MP: 0/10
  3046 | D:3      | Reached skill level 5 in Conjurations
  3067 | D:3      | Reached XP level 6. HP: 16/32 MP: 11/11
  3381 | D:3      | Acquired Kikubaaqudgha's second power
  3525 | D:3      | Found a snail-covered altar of Cheibriados.
  3528 | D:3      | Reached skill level 6 in Conjurations
  3563 | D:3      | Learned a level 3 spell: Regeneration
  3916 | D:3      | Noticed Terence
  4129 | D:3      | Reached XP level 7. HP: 36/36 MP: 4/12
  5315 | D:4      | Reached skill level 5 in Necromancy
  5662 | D:4      | Received a gift from Kikubaaqudgha
  5663 | D:4      | Identified Kikubaaqudgha's Handbook of Darkness (Kikubaaqudgha gifted it to you on level 4 of the Dungeon)
  5736 | D:4      | Learned a level 4 spell: Animate Dead
  5786 | D:5      | Entered Level 5 of the Dungeon
  5891 | D:5      | Got a translucent hand axe
  5894 | D:5      | Identified the +6 hand axe of Maomy {antimagic, rC+ rN++ SInv Stlth-} (You found it on level 5 of the Dungeon)
  5990 | D:5      | Reached skill level 7 in Conjurations
  6050 | D:5      | Got a polished leather armour
  6061 | D:5      | Identified the +2 leather armour of Yhecwip {rElec rC+} (You found it on level 5 of the Dungeon)
  6157 | D:5      | Found an iron altar of Okawaru.
  6216 | D:5      | Reached XP level 8. HP: 25/41 MP: 6/15
  6857 | D:5      | Found a staircase to the Ecumenical Temple.
  6867 | Temple   | Entered the Ecumenical Temple
  7883 | D:5      | Reached skill level 5 in Spellcasting
  8163 | D:6      | Found Esuojooz's Serpentskin Sales.
  8182 | D:6      | Learned a level 4 spell: Throw Icicle
  8227 | D:6      | Reached skill level 1 in Ice Magic
  8713 | D:6      | Noticed Lokkij's ghost (experienced TeVM)
  8734 | D:6      | Killed Lokkij's ghost
  8734 | D:6      | Reached XP level 9. HP: 34/45 MP: 6/18
  8999 | D:6      | Acquired Kikubaaqudgha's third power
  9664 | D:6      | Found a stormy altar of Qazlal.
  9664 | D:6      | Found a sparkling altar of Nemelex Xobeh.
  9665 | D:6      | Found an opulent altar of Gozag.
 10234 | D:6      | Reached skill level 8 in Necromancy
 10914 | D:7      | Reached skill level 5 in Ice Magic
 11007 | D:7      | Noticed Viceroy's ghost (experienced TrWr)
 11279 | D:7      | Noticed Dowan
 11287 | D:7      | Killed Dowan
 11566 | D:7      | Slain by an insubstantial wisp

Action                   |  1- 3 |  4- 6 |  7- 9 || total
-------------------------+-------+-------+-------++-------
Melee: Short sword       |    34 |       |       ||    34
       Unarmed           |     1 |       |       ||     1
       Spear             |       |   124 |   456 ||   580
       Hand axe          |       |       |    26 ||    26
       Trident           |       |       |    77 ||    77
       Flail             |       |       |     7 ||     7
 Cast: Sting             |    50 |    62 |   218 ||   330
       Mephitic Cloud    |       |    11 |    27 ||    38
       Regeneration      |       |       |    20 ||    20
       Animate Dead      |       |       |     2 ||     2
       Throw Icicle      |       |       |     9 ||     9
Invok: Receive Corpses   |       |       |     1 ||     1
  Use: Scroll            |     2 |     2 |     8 ||    12
       Potion            |       |     2 |     7 ||     9
 Stab: Sleeping          |     2 |     1 |     3 ||     6
       Confused          |       |     2 |     7 ||     9
  Eat: Chunk             |     3 |     3 |    17 ||    23
       Beef jerky        |       |     1 |       ||     1
       Meat ration       |       |     1 |     2 ||     3
       Bread ration      |       |       |     1 ||     1
